Map: Ephemeron LE

Players

tsukabon

  • Race: Terran Terran
  • League: Platinum
  • Spawn Location: 11:00

ConsoleLog - Winner!

  • Race: Terran Terran
  • League: Platinum
  • Spawn Location: 5:00

VOD

Have the link to the VOD?

Description

Time

  • Played on: Feb. 4, 2020, 8:17 a.m.
  • Length: 10:05
Show
View Real Time Build Order
Export as new Build Order

tsukabon Terran 

Build Orders:  

Get SALT Encoding   

  12  0:01  SCV  
  13  0:13  SCV  
  14  0:17  Supply Depot  
  14  0:25  SCV  
  15  0:38  SCV  
  15  0:41  Barracks  
  16  0:46  Refinery  
  16  0:50  SCV  
  17  1:03  SCV  
  18  1:15  SCV  
  19  1:28  Supply Depot, Orbital Command  
  19  1:30  Barracks Tech Lab  
  19  1:54  Bunker  
  19  1:55  Marauder  
  19  1:56  SCV  
  19  2:00  Concussive Shells  
  22  2:19  Marauder  
  23  2:23  Command Center  
  23  2:25  SCV  
  24  2:37  SCV  
  24  2:43  Marine, Barracks  
  26  2:46  Barracks  
  26  2:49  SCV  
  27  2:51  Refinery  
  27  3:01  SCV  
  27  3:02  Factory  
  27  3:03  Marine  
  29  3:13  SCV  
  30  3:23  Marine  
  30  3:25  Supply Depot  
  29  3:34  SCV  
  29  3:36  Orbital Command  
  29  3:38  Refinery  
  30  3:44  Barracks Reactor x2, Marine  
  30  3:46  SCV  
  32  3:55  Starport  
  32  4:01  Factory Reactor  
  32  4:03  SCV x2  
  34  4:10  Marine  
  34  4:15  SCV x2  
  37  4:18  Engineering Bay  
  37  4:27  SCV x2  
  39  4:32  Stimpack  
  39  4:39  SCV x2  
  41  4:46  Supply Depot, Factory Tech Lab  
  41  4:51  SCV x2  
  41  4:52  Viking  
  45  4:56  Viking  
  45  4:58  Marine  
  48  5:00  Marine  
  48  5:03  SCV  
  48  5:05  SCV  
  48  5:06  Marine  
  52  5:08  Marine  
  52  5:09  Marine  
  54  5:15  Siege Tank  
  54  5:18  SCV x2  
  59  5:23  Supply Depot  
  59  5:27  Supply Depot  
  59  5:28  Terran Infantry Weapons Level 1  
  59  5:32  SCV x2  
  61  5:44  SCV x2  
  61  5:49  Siege Tank  
  66  5:50  Viking, Marine  
  66  5:51  Marine x3  
  66  5:55  Supply Depot  
  66  5:56  SCV x2  
  74  6:01  Supply Depot  
  74  6:03  Marine  
  75  6:08  SCV, Viking  
  78  6:17  SCV, Marine x4  
  83  6:22  Supply Depot  
  83  6:27  Supply Depot  
  83  6:31  SCV  
  83  6:32  SCV, Command Center  
  84  6:43  SCV  
  84  6:44  SCV  
  86  6:50  Combat Shield  
  86  6:56  SCV x2  
  86  6:58  Barracks x2  
  88  7:02  Supply Depot  
  88  7:03  Viking, Supply Depot  
  88  7:08  SCV x2  
  92  7:15  Marine x4  
  92  7:20  SCV x2  
  98  7:24  Marine  
  98  7:25  Viking  
  98  7:28  Supply Depot  
  104  7:30  Supply Depot  
  104  7:32  SCV  
  104  7:33  Marine x2  
  74  7:53  Marine x5  
  65  8:01  Starport Reactor  
  65  8:07  SCV x2  
  65  8:10  Marine  
  65  8:11  Marine x3  
  71  8:19  SCV x2  
  73  8:21  Command Center  
  73  8:22  Marine  
  74  8:29  Factory  
  74  8:30  Barracks Reactor x2  
  74  8:31  SCV x2  
  76  8:40  Marine x3  
  76  8:41  Marine x2  
  73  8:43  SCV x2, Liberator x2  
  74  8:55  SCV x2  
  75  9:03  Marine x4  
  75  9:08  Factory  
  79  9:13  Marine x3  
  82  9:19  Barracks Reactor  
  82  9:21  Siege Tank  
  82  9:23  SCV x2  
  82  9:24  Marine x4  
  91  9:35  SCV x2  
Show
View Real Time Build Order
Export as new Build Order

ConsoleLog Terran - Winner!

Build Orders:  

Get SALT Encoding   

  12  0:01  SCV  
  13  0:13  SCV  
  14  0:18  Supply Depot  
  14  0:25  SCV  
  15  0:39  SCV  
  15  0:40  Barracks  
  16  0:45  Refinery  
  16  0:51  SCV  
  17  1:03  SCV  
  18  1:15  SCV  
  19  1:29  Barracks Tech Lab  
  19  1:30  Orbital Command  
  19  1:32  Supply Depot  
  19  1:47  Marauder  
  19  1:49  Concussive Shells  
  21  2:10  SCV, Command Center  
  21  2:14  Marauder  
  24  2:24  SCV  
  25  2:35  Barracks  
  25  2:36  Marauder  
  27  2:39  SCV  
  28  2:51  SCV, Barracks  
  28  2:52  Refinery  
  28  2:57  Stimpack  
  29  3:03  SCV  
  30  3:15  SCV  
  31  3:21  Marauder  
  31  3:23  Engineering Bay  
  31  3:24  Barracks Reactor  
  33  3:29  Orbital Command  
  33  3:40  SCV  
  34  3:42  Barracks Reactor  
  34  3:44  Marauder  
  36  3:48  Supply Depot  
  36  3:52  SCV  
  36  3:53  Missile Turret  
  37  3:57  Factory  
  37  4:01  SCV  
  38  4:05  Marine  
  38  4:06  Terran Infantry Weapons Level 1  
  39  4:10  Marine x2  
  39  4:13  SCV  
  39  4:16  SCV  
  43  4:25  SCV  
  43  4:28  Supply Depot  
  43  4:29  Marine x3  
  47  4:33  Marine x2  
  47  4:36  SCV  
  50  4:39  SCV  
  50  4:43  Refinery  
  51  4:51  Factory Reactor  
  51  4:53  Starport  
  51  4:54  SCV x2  
  51  4:57  Marine x3  
  56  5:00  Combat Shield  
  56  5:06  SCV  
  57  5:10  Supply Depot, Marine x2  
  57  5:11  SCV  
  60  5:16  Marine x2  
  62  5:23  Supply Depot  
  62  5:29  Refinery  
  62  5:31  SCV x2, Marine x2  
  66  5:37  Factory Tech Lab  
  65  5:43  Medivac x2  
  65  5:45  Supply Depot  
  65  5:46  Marine x3  
  72  5:51  Marine  
  72  5:52  Marine  
  72  5:53  SCV x2  
  76  5:58  Supply Depot  
  76  6:04  Marine x2  
  76  6:07  SCV x2, Marine, Siege Tank  
  84  6:11  Supply Depot  
  84  6:12  Marine x2  
  84  6:15  Medivac  
  84  6:17  Medivac  
  90  6:19  SCV  
  90  6:24  SCV  
  92  6:27  Supply Depot  
  92  6:30  Terran Infantry Armor Level 1  
  92  6:43  Marine x3  
  92  6:44  Marine  
  92  6:45  Marine  
  92  6:46  Siege Tank  
  100  6:47  SCV  
  100  6:48  SCV  
  102  6:59  Medivac  
  102  7:00  Medivac  
  102  7:01  Marine x2  
  106  7:04  Marine x2  
  106  7:07  Supply Depot, Missile Turret  
  106  7:08  Marine  
  111  7:10  SCV  
  112  7:16  Missile Turret  
  112  7:19  Marine x2, Siege Tank  
  115  7:28  Marine x2  
  117  7:38  Marine x2  
  117  7:39  Marine  
  126  7:46  Marine  
  108  7:57  Marine x2  
  108  7:58  Marauder, Marine  
  96  8:02  Medivac  
  96  8:03  Medivac  
  91  8:06  SCV  
  92  8:15  Barracks  
  92  8:16  Marine x2  
  92  8:17  Marine x2  
  92  8:18  Barracks, Siege Tank  
  92  8:19  Marine  
  100  8:21  Command Center  
  100  8:34  Marine x3  
  100  8:37  Marauder  
  102  9:08  Barracks Reactor  
  102  9:10  Barracks Tech Lab  
  102  9:14  Armory, Marine x3  
  105  9:18  Marine  
  105  9:19  Siege Tank  
  105  9:20  Refinery  
  105  9:21  SCV  
  105  9:22  SCV, Command Center  
  111  9:34  SCV x2  
  110  9:45  Marine  
  110  9:46  SCV, Marine x2  
Tags
 
Matchup
TvT
Race
Terran
Spawn Locations
Cross Positions
Add a new tag
Caveats
  • Supply blocks, unpowered buildings, or Contaminate may cause inaccurate times.
  • Supply counts are checked every 10 seconds.